 Dungeon Crawl Stone Soup version 0.21.0-30-g47ce8e4 (webtiles) character file.

72 wojtek the Grave Robber (level 4, 0/45 HPs)
             Began as a Demonspawn Necromancer on Jan 28, 2018.
             Slain by a shadow imp (1 damage)
             ... summoned by Natasha
             ... on level 2 of the Dungeon.
             The game lasted 00:02:28 (1687 turns).

wojtek the Grave Robber (Demonspawn Necromancer)    Turns: 1687, Time: 00:02:29

Health: 0/45       AC: 22    Str:  8    XL:     4   Next: 6%
Magic:  0/7        EV:  2    Int: 17    God:
Gold:   23         SH:  0    Dex: 14    Spells: 6/7 levels left

rFire    . . .     SeeInvis .   d - +0 short sword
rCold    . . .     Gourm    .   (no shield)
rNeg     + + +     Faith    .   (armour currently unavailable)
rPois    +         Spirit   +   (helmet currently unavailable)
rElec    .         Reflect  .   (cloak currently unavailable)
rCorr    .         Harm     .   (gloves currently unavailable)
MR       .....     NoTele   +   (boots currently unavailable)
Stlth    ++........             (no amulet)
HPRegen  0.15/turn              (no ring)
MPRegen  0.10/turn              (no ring)

@: tree-form, slowed, very slow
A: magic shield, rot immunity
a: no special abilities


You were on level 2 of the Dungeon.
You were near starving.
You were a tree.
You visited 1 branch of the dungeon, and saw 2 of its levels.

You collected 23 gold pieces.

Inventory:

Hand Weapons
 d - a +0 short sword (weapon)
Armour
 a - a +0 robe (melded)
Scrolls
 e - a scroll of fear {unknown}
 g - a scroll of identify {unknown}
 h - a scroll of enchant weapon {unknown}
 j - a scroll of blinking {unknown}
Potions
 i - a potion of resistance {unknown}
 l - a potion of ambrosia {unknown}
 m - a potion of flight {unknown}
Books
 b - a book of Necromancy

   Spells                             Type                      Level
   a - Pain                           Necromancy                   1
   b - Animate Skeleton               Necromancy                   1
   c - Vampiric Draining              Necromancy                   3
   d - Regeneration                   Charms/Necromancy            3
   e - Animate Dead                   Necromancy                   4
   f - Borgnjor's Vile Clutch         Necromancy/Earth             5
Comestibles
 c - 5 rations


   Skills:
 - Level 1.7 Dodging
 - Level 1.7 Stealth
 - Level 2.0 Spellcasting
 + Level 6.2 Necromancy


You had 6 spell levels left.
You knew the following spells:

 Your Spells              Type           Power        Failure   Level  Hunger
a - Pain                  Necr           ###.         1%          1    #......


Dungeon Overview and Level Annotations

Branches:
Dungeon (2/15)

Altars:

Annotations:
D:2 Natasha


Innate Abilities, Weirdness & Mutations

((You have large cloven feet.))
When hurt, damage is shared between your health and your magic reserves.
You are immune to rotting.


Message History

The shadow imp completely misses you. Natasha closely misses you.
The shadow imp hits you.
* * * LOW HITPOINT WARNING * * *
Unknown command.
You hit Natasha.
Natasha is heavily wounded.
Natasha barely misses you. The shadow imp barely misses you.
The crimson imp lashes its tail.
The crimson imp barely misses you.
Natasha wildly gestures.
Natasha's front paws start to glow.
Natasha closely misses you. The shadow imp hits you.
* * * LOW HITPOINT WARNING * * *
Okay, then.
Unknown command.
It was a potion of lignification.
You turn into a tree.
Your +0 robe melds into your body.
Your roots penetrate the ground.
The crimson imp disappears in a puff of smoke!
Natasha claws you but does no damage. The shadow imp hits you.
You die...

... #.# .# ###.###### .#
#.......(# .# #.)..###.#
##'## #..#..##.# ##...##
#...<.##)# ##.....##
#.###.##>###.h5....##
#......(.##...♣.....##
............'.).§.....'.
####.#....###.........##
#.#.#..# ##.......##
#..###.# ##(....## #.#
..# ##...## #. #.# ##+##
# ..#


You could see Natasha and a shadow imp.

Vanquished Creatures
  Natasha (D:2)
  3 dart slugs (D:1)
  A leopard gecko (D:1)
  A giant cockroach (D:1)
  6 goblins
  4 hobgoblins (D:1)
  3 jackals (D:1)
  7 kobolds
  A ball python (D:1)
  4 bats (D:1)
  3 frilled lizards (D:1)
  2 rats (D:1)
36 creatures vanquished.

Notes
Turn   | Place    | Note
-------+----------+-------------------------------------------
     0 | D:1      | wojtek the Demonspawn Necromancer began the quest for the Orb.
     0 | D:1      | Reached XP level 1. HP: 13/13 MP: 3/3
   161 | D:1      | Gained mutation: You are immune to rotting. [demonic ancestry]
   161 | D:1      | Reached XP level 2. HP: 19/19 MP: 5/5
   205 | D:1      | Reached skill level 5 in Necromancy
   797 | D:1      | Gained mutation: You have large cloven feet. [demonic ancestry]
   797 | D:1      | Reached XP level 3. HP: 19/24 MP: 6/6
  1431 | D:2      | Noticed Natasha
  1442 | D:2      | Killed Natasha
  1442 | D:2      | Reached skill level 6 in Necromancy
  1450 | D:2      | Gained mutation: When hurt, damage is shared between your health and your magic reserves. [demonic ancestry]
  1450 | D:2      | Reached XP level 4. HP: 15/30 MP: 3/7
  1676 | D:2      | Noticed Natasha
  1686 | D:2      | HP: 1/30 [shadow imp[Natasha] (3)]
  1687 | D:2      | Slain by a shadow imp

Skill      XL: |  1  2  3 |
---------------+----------+-----
Necromancy     | 5 6 |  6.2
Dodging        | |  1.7
Stealth        | |  1.7
Spellcasting   | |  2.0

Action                   |  1- 3 |  4- 6 || total
-------------------------+-------+-------++-------
Melee: Short sword       |    84 |    11 ||    95
       Kick              |     7 |     2 ||     9
 Cast: Pain              |    13 |     2 ||    15
  Use: Potion            |       |     1 ||     1
 Stab: Sleeping          |     8 |       ||     8
  Eat: Chunk             |     1 |       ||     1
Armor: Robe              |    21 |     4 ||    25
       Skin              |       |     1 ||     1
Dodge: Dodged            |    72 |    20 ||    92
